 Dungeon Crawl Stone Soup version 0.23-a0-181-g24f899a (webtiles) character file.

1608573 epen the Demonic Blade (level 26, 248/248 HPs)
             Began as a Demonspawn Monk on Sept 19, 2018.
             Was the Champion of Okawaru.
             Escaped with the Orb
             ... and 3 runes on Sept 20, 2018!
             The game lasted 03:15:57 (76275 turns).

epen the Demonic Blade (Demonspawn Monk)           Turns: 76275, Time: 03:15:57

Health: 248/248    AC: 43    Str: 21    XL:     26   Next: 76%
Magic:  43/43      EV: 16    Int: 15    God:    Okawaru [******]
Gold:   4077       SH:  0    Dex: 12    Spells: 25/25 levels left

rFire    + + +     SeeInvis +   W - +9 triple sword (slice)
rCold    + . .     Gourm    .   (shield currently unavailable)
rNeg     + + +     Faith    .   X - +6 gold dragon scales
rPois    +         Spirit   .   k - +0 helmet of Hangman {rPois rN+ MR+ SInv}
rElec    +         Reflect  .   Y - +2 cloak {MR+}
rCorr    +         Harm     .   J - +1 pair of gloves of Perfidy {rF+ rCorr MP+9}
MR       +++++                  (boots unavailable)
Stlth    ..........             A - macabre finger necklace {rN+}
HPRegen  0.51/turn              Z - +4 ring of evasion
MPRegen  0.28/turn              y - ring of Ala Nekk {AC+3 Slay+2}
                                l - ring "Giluameo" {rElec MR+ Int+4 Dex-5}

@: no status effects
A: hooves 3, molten scales 3, dopey 1, fire resistance 1, ignite blood, low mp
1, magic resistance 3, negative energy resistance 1, powered by pain 3, robust
1, 50% torment resistance, flame cloud immunity
0: Orb of Zot
}: 3/15 runes: decaying, slimy, gossamer
a: Heroism, Finesse, Renounce Religion


You escaped.
You worshipped Okawaru.
Okawaru was exalted by your worship.
You were very full.

You visited 10 branches of the dungeon, and saw 53 of its levels.
You visited the Abyss 1 time.
You also visited: Trove, Bailey and Ice Cave.

You collected 9426 gold pieces.
You spent 5349 gold pieces at shops.

Inventory:

Hand Weapons
 W - a +9 triple sword of slicing (weapon)
Missiles
 e - 3 throwing nets (quivered)
Armour
 k - the +0 helmet of Hangman (worn) {rPois rN+ MR+ SInv}
   (You acquired it on level 5 of the Depths)

   It protects you from poison.
   It protects you from negative energy.
   It affects your resistance to hostile enchantments.
   It lets you see invisible.
 v - the +2 hat of Watchfulness {rN+ Int+3}
   (Okawaru gifted it to you on level 1 of the Vaults)

   It affects your intelligence (+3).
   It protects you from negative energy.
 J - the +1 pair of gloves of Perfidy (worn) {rF+ rCorr MP+9}
   (You bought it in a shop on level 3 of the Vaults)

   It protects you from fire.
   It affects your magic capacity (+9).
   It provides partial protection from all sources of acid and corrosion.
 V - the +0 plate armour of the Hidden Vale {*Drain rElec rC+ Dex+4}
   (You found it on level 3 of the Depths)

   It affects your dexterity (+4).
   It protects you from cold.
   It insulates you from electricity.
   It causes draining when unequipped.
 X - +6 gold dragon scales (worn)
 Y - a +2 cloak of magic resistance (worn)
Jewellery
 l - the ring "Giluameo" (on amulet) {rElec MR+ Int+4 Dex-5}
   (You took it off an orc warrior on level 15 of the Dungeon)

   [ring of protection from magic]

   It affects your intelligence (+4).
   It affects your dexterity (-5).
   It insulates you from electricity.
   It affects your resistance to hostile enchantments.
 o - an uncursed ring of protection from cold
 y - the ring of Ala Nekk (right hand) {AC+3 Slay+2}
   (You bought it in a shop on level 15 of the Dungeon)

   [ring of protection]

   It affects your AC (+3).
   It affects your accuracy and damage with ranged weapons and melee attacks
   (+2).
 z - an uncursed ring of protection from fire
 A - the macabre finger necklace (around neck) {rN+}
   (You found it on level 5 of the Pits of Slime)

   [amulet of nothing]

   It protects you from negative energy.
 G - the ring "Keph" {*Slow Str+3 Dex+2 Slay+5}
   (You bought it in a shop on level 5 of the Depths)

   [ring of strength]

   It affects your strength (+3).
   It affects your dexterity (+2).
   It affects your accuracy and damage with ranged weapons and melee attacks
   (+5).
   It may slow you when you take damage.
 K - a +6 ring of strength
 T - the amulet "Zuatho" {Gourm *Drain rN+ Slay+2 SInv}
   (You found it in a treasure trove)

   [amulet of the gourmand]

   It allows you to eat raw meat even when not hungry.
   It affects your accuracy and damage with ranged weapons and melee attacks
   (+2).
   It protects you from negative energy.
   It lets you see invisible.
   It causes draining when unequipped.
 Z - a +4 ring of evasion (left hand)
Wands
 a - a wand of acid (71)
 u - a wand of scattershot (4)
 B - a wand of polymorph (17)
 D - a wand of iceblast (60)
 F - a wand of flame (30)
 M - a wand of disintegration (14)
 N - a wand of digging (30)
 U - a wand of paralysis (16)
Scrolls
 b - 8 scrolls of fear
 d - a scroll of brand weapon
 f - 6 scrolls of amnesia
 g - 6 scrolls of summoning
 i - 6 scrolls of teleportation
 m - 20 scrolls of remove curse
 p - 3 scrolls of immolation
 t - 2 scrolls of silence
 w - 3 scrolls of magic mapping
 E - 5 scrolls of fog
 H - 3 scrolls of blinking
 L - 10 scrolls of identify
Potions
 h - 7 potions of flight
 j - 23 potions of curing
 n - 3 potions of might
 r - 3 potions of agility
 s - 3 potions of haste
 x - 3 potions of ambrosia
 C - 5 potions of magic
 O - 5 potions of brilliance
 P - 3 potions of resistance
 Q - 4 potions of heal wounds
 R - 2 potions of cancellation
Miscellaneous
 I - 5 phantom mirrors
Comestibles
 c - 78 rations


   Skills:
 * Level 22.4 Fighting
   Level 7.9(17.1) Short Blades
 * Level 22.9(23.2) Long Blades
 + Level 18.9 Armour
 + Level 17.8 Dodging
 - Level 1.7 Stealth
   Level 7.4 Shields
 + Level 22.8 Invocations


You had 25 spell levels left.
You didn't know any spells.
Your spell library contained the following spells:

 Spells                   Type           Power        Failure   Level  Hunger
 Apportation              Tloc           #.....       100%        1    ##.....
 Confusing Touch          Hex            #.....       100%        1    ##.....
 Flame Tongue             Conj/Fire      #....        100%        1    ##.....
 Freeze                   Ice            #...         100%        1    ##.....
 Infusion                 Chrm           #...         100%        1    ##.....
 Magic Dart               Conj           #...         100%        1    ##.....
 Shock                    Conj/Air       #...         100%        1    ##.....
 Sting                    Conj/Pois      #...         100%        1    ##.....
 Summon Butterflies       Summ           #.......     100%        1    ##.....
 Summon Small Mammal      Summ           #...         100%        1    ##.....
 Blink                    Tloc           N/A          100%        2    ###....
 Call Imp                 Summ           #.......     100%        2    ###....
 Ensorcelled Hibernation  Hex/Ice        #.....       100%        2    ###....
 Passwall                 Tmut/Erth      #.......     100%        2    ###....
 Shroud of Golubria       Chrm/Tloc      #.........   100%        2    ###....
 Slow                     Hex            #.......     100%        2    ###....
 Song of Slaying          Chrm           #.......     100%        2    ###....
 Swiftness                Chrm/Air       #.......     100%        2    ###....
 Throw Flame              Conj/Fire      #.....       100%        2    ###....
 Throw Frost              Conj/Ice       #.....       100%        2    ###....
 Call Canine Familiar     Summ           #.......     100%        3    ####...
 Confuse                  Hex            #.......     100%        3    ####...
 Conjure Flame            Conj/Fire      #.......     100%        3    ####...
 Dazzling Spray           Conj/Hex       #.....       100%        3    ####...
 Gell's Gravitas          Tloc           #.........   100%        3    ####...
 Inner Flame              Hex/Fire       #.......     100%        3    ####...
 Lesser Beckoning         Tloc           #.........   100%        3    ####...
 Mephitic Cloud           Conj/Pois/Air  #.......     100%        3    ####...
 Ozocubu's Armour         Chrm/Ice       #.......     100%        3    ####...
 Recall                   Summ/Tloc      N/A          100%        3    ####...
 Regeneration             Chrm/Necr      #.........   100%        3    ####...
 Spectral Weapon          Hex/Chrm       #.......     100%        3    ####...
 Static Discharge         Conj/Air       #.......     100%        3    ####...
 Stone Arrow              Conj/Erth      #.....       100%        3    ####...
 Summon Guardian Golem    Hex/Summ       #.......     100%        3    ####...
 Tukima's Dance           Hex            #.......     100%        3    ####...
 Airstrike                Air            #.........   100%        4    #####..
 Animate Dead             Necr           N/A          100%        4    #####..
 Force Lance              Conj/Tloc      #.......     100%        4    #####..
 Ice Form                 Ice/Tmut       #.......     100%        4    #####..
 Olgreb's Toxic Radiance  Pois           #.......     100%        4    #####..
 Petrify                  Tmut/Erth      #.......     100%        4    #####..
 Sticky Flame             Conj/Fire      #.......     100%        4    #####..
 Summon Ice Beast         Ice/Summ       #.......     100%        4    #####..
 Summon Lightning Spire   Summ/Air       #.......     100%        4    #####..
 Throw Icicle             Conj/Ice       #.......     100%        4    #####..
 Alistair's Intoxication  Tmut/Pois      #.......     100%        5    ######.
 Aura of Abjuration       Summ           #.........   100%        5    ######.
 Borgnjor's Vile Clutch   Necr/Erth      #.........   100%        5    ######.
 Fireball                 Conj/Fire      #.........   100%        5    ######.
 Irradiate                Conj/Tmut      #.........   100%        5    ######.
 Iskenderun's Battlesphe  Conj/Chrm      #.......     100%        5    ######.
 Lee's Rapid Deconstruct  Erth           #.........   100%        5    ######.
 Lightning Bolt           Conj/Air       #.........   100%        5    ######.
 Metabolic Englaciation   Hex/Ice        #.........   100%        5    ######.
 Silence                  Hex/Air        #.........   100%        5    ######.
 Summon Demon             Summ           #.........   100%        5    ######.
 Summon Forest            Summ/Tloc      #.........   100%        5    ######.
 Summon Mana Viper        Hex/Summ       #.......     100%        5    ######.
 Yara's Violent Unravell  Hex/Tmut       #.........   100%        5    ######.
 Bolt of Cold             Conj/Ice       #.........   100%        6    #######
 Conjure Ball Lightning   Conj/Air       #.........   100%        6    #######
 Darkness                 Hex            #.........   100%        6    #######
 Death Channel            Necr           #.........   100%        6    #######
 Deflect Missiles         Chrm/Air       #.........   100%        6    #######
 Freezing Cloud           Conj/Ice/Air   #.........   100%        6    #######
 Invisibility             Hex            #.......     100%        6    #######
 Ozocubu's Refrigeration  Ice            #.........   100%        6    #######
 Shadow Creatures         Summ           N/A          100%        6    #######
 Simulacrum               Ice/Necr       #.........   100%        6    #######
 Statue Form              Tmut/Erth      #........    100%        6    #######
 Summon Hydra             Summ           #.........   100%        7    #######
 Tornado                  Air            #.........   100%        9    #######


Dungeon Overview and Level Annotations

Branches:
Dungeon (15/15)            Temple (0/1) D:5            Lair (6/6) D:11
  Swamp (4/4) Lair:4       Spider (4/4) Lair:4        Slime (5/5) Lair:5
    Orc (2/2) D:11            Elf (3/3) Orc:2        Vaults (4/5) D:14
  Crypt (0/3) Vaults:2     Depths (5/5) D:15            Zot (5/5) Depths:5

Altars:
Ashenzari
Cheibriados
Dithmenos
Elyvilon
Gozag
Hepliaklqana
Kikubaaqudgha
Nemelex Xobeh
Okawaru
Sif Muna
Uskayaw
Xom
Yredelemnul
Zin
The Shining One
Jiyva
Lugonu

Shops:
D:15 =   Orc:1 *   Orc:2 (!?!   Elf:2 ?   Vaults:1 ([*   Vaults:3 *
Depths:5 =(}}

Portals:
Hell: Depths:1 Depths:2 Depths:3 Depths:4 Depths:5
Abyss: Depths:2 Depths:3 Depths:4
Pandemonium: Depths:3 Depths:4
Ziggurat: Depths:5

Annotations:
D:3 2 transporters
Lair:5 1 runed door, Xeddua's ghost, journeyman MiBe
Lair:6 exclusion: 2 oklob plants
Elf:2 3 runed doors
Elf:3 1 exclusion
Vaults:3 2 runed doors, Pyagrit's ghost, adept OgMo
Depths:4 exclusion: ice statue


Innate Abilities, Weirdness & Mutations

You have hooves in place of feet.
You are completely covered in molten scales. (AC +4, rF+)
Your flesh is heat resistant. (rF+)
Your demonic aura causes spilled blood to erupt in flames.
You resist negative energy. (rN+)
You are powered by pain.
You are somewhat able to resist unholy torments (1 in 2 success).
You are immune to clouds of flame.
You are dopey. (Int -2)
Your magical capacity is low. (-10% MP)
You are extremely resistant to the effects of hostile enchantments. (MR+++)
You are robust. (+10% HP)


Message History

Okawaru accepts your kill.
You see here a trident.
There is a stone staircase leading up here.
You climb upwards.
Level annotation: 2 transporters
There is a stone staircase leading down here.
There is a stone staircase leading up here.
You climb upwards.
There is a stone staircase leading down here.
There is an open door, spattered with blood here.
Things that are here:
a chain mail; an antimagic hand axe
There is a stone staircase leading up here.
You climb upwards.
There is a stone staircase leading down here.
You hear a grinding noise.
You hear a grinding noise.
You hear a grinding noise.
There is a staircase leading out of the dungeon here.
You have escaped!

#..# ##..### #....###.##. #..#
##.....###........... #..#
##...#...##......#.##.
#..#########...###...#......#.##.
..........##.X.# #...#......#.##.
#.[######.##..#####..##.....#....
#.......#.#.....X.....#..........
#..######.#....1......#..........
#..# #.#.⌠...@...⌠.#..........
#..# #.#...........#.....#.##.
#..######.#...........#.......##.
.......##.####..#..####..........
....##.##....##...###.#........#.
##..##.#.....#.....##.#...).#..#.
.............)...................
†...##.#...#.#...#....#..........
...........(............)........


You could see an Executioner and 2 large abominations.

Vanquished Creatures
  the Royal Jelly (Slime:5)
  4 ancient liches (Zot:5)
  3 orbs of fire (Zot:5)
  A juggernaut (Depths:5)
  A caustic shrike (Depths:3)
  Xtahua (Vaults:2)
  Saint Roka (Depths:5)
  7 Killer Klowns (Zot:5)
  the Enchantress (Depths:2)
  6 golden dragons
  Nikola (Vaults:2)
  Arachne (Spider:3)
  2 bone dragons
  3 electric golems
  A Brimstone Fiend (Depths:3)
  3 liches
  8 tentacled monstrosities
  27 Orb Guardians
  Asterion (Vaults:2)
  2 deep elf blademasters (Elf:3)
  A titan (Vaults:4)
  26 acid blobs
  3 quicksilver dragons
  3 sphinxes
  A deep elf master archer (Elf:3)
  Frances (D:14)
  5 death cobs
  4 tentacled starspawn (Abyss:3)
  7 shadow dragons
  2 tengu reavers (Depths:4)
  A thorn hunter (Swamp:2)
  7 storm dragons
  Agnes (Spider:2)
  9 draconian monks
  8 fire giants
  5 deep elf sorcerers (Elf:3)
  An orc warlord (Orc:2)
  10 azure jellies
  6 draconian scorchers
  3 frost giants
  A ghost moth (shapeshifter) (Elf:3)
  10 vault wardens
  6 ghost moths
  2 iron dragons
  A frost giant (shapeshifter) (Depths:4)
  4 emperor scorpions (Spider:4)
  A balrug (Depths:5)
  2 draconian knights (Zot:5)
  2 draconian stormcallers (Zot:5)
  2 caustic shrike skeletons
  8 draconian shifters
  9 ironheart preservers
  6 deep elf elementalists
  2 juggernaut zombies (Depths:2)
  3 spriggan defenders (Depths:2)
  4 draconian annihilators
  A reaper (Depths:4)
  14 very ugly things
  16 stone giants
  4 entropy weavers
  4 black draconians
  6 purple draconians
  A spectral titan (Depths:2)
  9 green draconians
  10 yellow draconians
  7 white draconians
  7 deep elf demonologists
  3 vampire knights
  The ghost of Jareitt the Nimble, a journeyman SpBe of Trog (Depths:2)
  10 deep elf annihilators
  3 red draconians
  The ghost of Ijustatesigmund the Cleaver, a journeyman OpGl of Okawaru (Orc:1)
  2 green deaths (Swamp:4)
  Snorg (D:14)
  13 spark wasps
  5 deep elf death magi
  9 death oozes
  11 ettins
  A merfolk javelineer (Depths:1)
  A crystal guardian (Vaults:1)
  A blizzard demon (Depths:4)
  Josephine (Lair:4)
  10 fire dragons
  12 deep elf high priests
  4 rakshasas
  9 yaktaur captains
  18 great orbs of eyes
  2 shambling mangroves (Swamp:3)
  15 hydras
  A death knight (Vaults:2)
  3 catoblepae (Lair:6)
  An anaconda (Swamp:1)
  9 ice dragons
  2 hell beasts
  8 spriggan air magi
  3 juggernaut simulacra (Depths:2)
  11 centaur warriors
  2 ghost crabs
  A death yak (shapeshifter) (Depths:5)
  14 dancing weapons
  5 deep troll shamans
  14 ogre magi
  15 tengu warriors
  22 alligators
  9 death yaks
  32 two-headed ogres
  A hell hog (Abyss:3)
  3 orc high priests (Orc:2)
  5 deep troll earth magi
  12 spriggan berserkers
  A thrashing horror (Abyss:3)
  A titan zombie (Depths:2)
  15 deep elf knights
  2 titan skeletons
  4 soul eaters
  3 sun demons (Depths:4)
  Sonja (Lair:6)
  Nergalle (D:10)
  3 iron trolls
  A hell knight (Depths:3)
  3 glowing orange brains
  2 unseen horrors (D:13)
  15 skeletal warriors
  3 wizards (Vaults:2)
  18 deep trolls
  2 quicksilver dragon simulacra (Depths:4)
  A spriggan druid (Swamp:4)
  A shadow dragon zombie (D:15)
  9 swamp dragons
  3 phantasmal warriors
  3 flayed ghosts
  A tengu zombie (Vaults:1)
  13 deep elf archers
  11 ironbrand convokers
  18 orc knights
  4 harpies
  7 shining eyes
  A lindwurm (Lair:6)
  4 necromancers
  A frost giant zombie (Depths:3)
  A tengu skeleton (Depths:3)
  19 orb spiders
  A wolf spider zombie (D:15)
  73 ugly things
  7 orc sorcerers
  4 stone giant zombies
  A lindwurm (shapeshifter) (Depths:3)
  43 deep elf magi
  23 wolf spiders
  9 cyclopes
  5 manticores
  A human zombie (Vaults:1)
  7 moths of wrath
  A worldbinder (Abyss:3)
  3 smoke demons
  A fire giant skeleton (Abyss:3)
  11 rust devils
  A stone giant skeleton (Vaults:2)
  2 eyes of devastation
  2 torpor snails
  10 black mambas
  7 vault sentinels
  2 ice statues (IceCv)
  A storm dragon simulacrum (Vaults:3)
  3 gargoyles
  2 titan simulacra (Depths:2)
  4 orange demons
  17 spiny frogs
  3 rime drakes
  2 hellions
  4 freezing wraiths
  57 yaktaurs
  2 kobold demonologists
  5 human skeletons
  8 komodo dragons
  A komodo dragon (shapeshifter) (Vaults:3)
  10 demonic crawlers
  2 hellwings
  2 harpy zombies
  3 ice devils
  5 tengu conjurers (Depths:4)
  A guardian mummy (D:15)
  8 trolls
  3 meliai (Lair:4)
  A yaktaur skeleton (Vaults:2)
  2 red devils
  A queen bee (Lair:4)
  28 jumping spiders
  A polar bear (Vaults:4)
  A tengu simulacrum (Vaults:4)
  A tyrant leech (shapeshifter) (D:15)
  26 hornets
  135 slime creatures
  5 tyrant leeches
  A wind drake (shapeshifter) (Vaults:1)
  24 blink frogs
  7 raiju (Abyss:3)
  A stone giant simulacrum (Depths:2)
  A deep troll zombie (D:15)
  8 bog bodies
  A dream sheep (shapeshifter) (Vaults:1)
  3 ettin skeletons (Vaults:2)
  7 hippogriffs
  85 redbacks
  16 spriggans
  4 flying skulls (Depths:4)
  9 wraiths
  An elf zombie (D:15)
  5 wyverns
  5 shadows
  32 tarantellas
  7 water elementals
  3 golden eyes
  84 yaks
  A basilisk (Lair:4)
  4 hungry ghosts
  3 large abominations
  15 vampire mosquitoes
  3 wargs
  15 swamp worms
  8 hell hounds
  15 insubstantial wisps
  A soldier ant (D:14)
  2 floating eyes
  An acid dragon (Vaults:2)
  16 water moccasins
  57 orc warriors
  11 porcupines
  5 sky beasts
  A black bear (D:12)
  A fire dragon simulacrum (Depths:1)
  4 swamp drakes
  23 ice beasts
  A sky beast (shapeshifter) (Vaults:4)
  4 ettin simulacra (Depths:4)
  A black bear (shapeshifter) (Depths:3)
  4 eyes of draining
  A necrophage (D:8)
  2 phantoms
  34 ogres
  12 boggarts
  22 centaurs
  7 crocodiles
  4 big kobolds
  A yaktaur zombie (Vaults:1)
  15 bullfrogs
  An earth elemental (Elf:1)
  2 gnoll sergeants (D:7)
  A wyvern skeleton (D:13)
  6 scorpions
  A water moccasin skeleton (D:12)
  2 elf simulacra
  2 human simulacra
  28 killer bees
  6 electric eels
  3 wights (D:10)
  3 howler monkeys
  8 crimson imps
  11 starcursed masses (Abyss:3)
  5 jellies
  A bullfrog zombie (D:9)
  20 orc priests
  13 hounds
  A bullfrog skeleton (D:12)
  2 gnoll shamans (D:7)
  11 centaur skeletons
  An iron imp (Abyss:3)
  9 iguanas
  Terence (D:2)
  31 orc wizards
  8 worker ants
  A hound skeleton (D:8)
  A worker ant zombie (D:8)
  15 adders
  11 gnolls
  4 shadow imps
  15 white imps
  3 ufetubi
  An adder skeleton (D:4)
  A dart slug (D:5)
  7 leopard geckos
  104 orcs
  4 ball pythons
  4 bats
  4 giant cockroaches
  11 goblins
  16 hobgoblins
  6 jackals
  17 kobolds
  3 quokkas
  4 frilled lizards
  A leopard gecko zombie (D:8)
  3 rats
  A plant (Lair:6)
  2 starspawn tentacles (Abyss:3)
2371 creatures vanquished.

Vanquished Creatures (others)
  An eldritch tentacle (Depths:5)
  A tengu warrior (Depths:5)
  A spriggan druid (Swamp:4)
  An ugly thing (Vaults:4)
  A spriggan (Swamp:4)
  Sigmund (D:6)
  A tarantella (Spider:2)
  An insubstantial wisp (Swamp:4)
  A centaur (D:14)
  An orc wizard (Orc:2)
  5 orcs
  A hobgoblin (Bailey)
  3 briar patches (Swamp:2)
  24 fungi
  24 plants
  7 starspawn tentacles (Abyss:3)
74 creatures vanquished.

Grand Total: 2445 creatures vanquished

Notes
Turn   | Place    | Note
-------+----------+-------------------------------------------
     0 | D:1      | epen the Demonspawn Monk began the quest for the Orb.
     0 | D:1      | Reached XP level 1. HP: 18/18 MP: 1/1
   139 | D:1      | Gained mutation: Your flesh is heat resistant. (rF+)
                  | [demonic ancestry]
   139 | D:1      | Reached XP level 2. HP: 23/24 MP: 2/2
  1262 | D:2      | Noticed Terence
  1612 | D:2      | Killed Terence
  1612 | D:2      | Reached skill level 1 in Armour
  1612 | D:2      | Reached XP level 3. HP: 27/29 MP: 3/3
  2126 | D:2      | Reached XP level 4. HP: 35/35 MP: 4/4
  2739 | D:3      | Found a transporter.
  2742 | D:3      | Found a transporter.
  3181 | D:4      | Gained mutation: You are partially covered in molten
                  | scales. (AC +2) [demonic ancestry]
  3181 | D:4      | Reached XP level 5. HP: 34/42 MP: 5/5
  3526 | D:4      | Noticed an ogre
  3560 | D:4      | Killed an ogre
  3560 | D:4      | Reached XP level 6. HP: 23/48 MP: 6/6
  3938 | D:5      | Entered Level 5 of the Dungeon
  4021 | D:5      | Found an iron altar of Okawaru.
  4033 | D:5      | Became a worshipper of Warmaster Okawaru
  4033 | D:5      | Reached * piety under Okawaru
  4033 | D:5      | Reached ** piety under Okawaru
  4073 | D:5      | Got a polished trident
  4074 | D:5      | Identified the +3 trident of Currency {pierce, rPois} (You
                  | found it on level 5 of the Dungeon)
  4121 | D:5      | Noticed a sky beast
  4154 | D:5      | Killed a sky beast
  4154 | D:5      | Reached skill level 5 in Long Blades
  4154 | D:5      | Gained mutation: You have large cloven feet. [demonic
                  | ancestry]
  4154 | D:5      | Reached XP level 7. HP: 47/55 MP: 7/7
  4342 | D:5      | Found a staircase to the Ecumenical Temple.
  4424 | D:6      | Noticed Sigmund
  4789 | D:6      | Reached skill level 5 in Fighting
  4837 | D:6      | Killed Sigmund
  4851 | D:6      | Gained mutation: You are mostly covered in molten scales.
                  | (AC +3) [demonic ancestry]
  4851 | D:6      | Reached XP level 8. HP: 37/62 MP: 8/8
  4980 | D:6      | Reached *** piety under Okawaru
  5266 | D:6      | Reached skill level 5 in Dodging
  5587 | D:6      | Got an ivory whip
  5588 | D:6      | Identified the cursed +0 whip "Nasem" {drain, rElec Dex+4}
                  | (You found it on level 6 of the Dungeon)
  5915 | D:7      | Noticed a hippogriff
  6011 | D:7      | Killed a hippogriff
  6296 | D:7      | Gained mutation: You are immune to clouds of flame.
                  | [demonic ancestry]
  6296 | D:7      | Reached XP level 9. HP: 51/70 MP: 9/9
  6352 | D:7      | Reached skill level 5 in Armour
  6465 | D:7      | Received a gift from Okawaru
  7045 | D:7      | Reached skill level 1 in Invocations
  7065 | D:7      | Reached **** piety under Okawaru
  7465 | D:7      | Got a twisted scale mail
  7476 | D:7      | Identified the +4 scale mail of Evah {rPois rC+ Slay+2}
                  | (You took it off a gnoll on level 7 of the Dungeon)
  8162 | D:8      | Found a deep blue altar of Sif Muna.
  8265 | D:8      | Found a flagged portal.
  8275 | Bailey   | Entered a bailey
  8405 | Bailey   | Reached skill level 5 in Invocations
  8562 | Bailey   | Found an iron altar of Okawaru.
  8562 | Bailey   | Noticed an orc sorcerer
  8562 | Bailey   | Noticed a kobold demonologist
  8573 | Bailey   | Killed a kobold demonologist
  8573 | Bailey   | Reached ***** piety under Okawaru
  8576 | Bailey   | Paralysed by an orc sorcerer for 5 turns
  8582 | Bailey   | Noticed an ice devil
  8583 | Bailey   | Noticed a smoke demon
  8594 | Bailey   | Killed an orc sorcerer
  8594 | Bailey   | Gained mutation: You have hoof-like feet. [demonic
                  | ancestry]
  8594 | Bailey   | Reached XP level 10. HP: 34/79 MP: 12/14
  9082 | Bailey   | Got an encrusted triple sword
  9083 | Bailey   | Identified the +1 triple sword of Dissolution {protect,
                  | +Blink rC- rN+++ Stlth-} (You acquired it in a bailey)
  9140 | Bailey   | Noticed an orc knight
  9166 | Bailey   | Killed an orc knight
  9166 | Bailey   | Received a gift from Okawaru
  9552 | Bailey   | Noticed an orc knight
  9572 | Bailey   | Killed an orc knight
  9645 | Bailey   | Got a pitted mace
  9665 | Bailey   | Identified the +7 mace of Gallantry {antimagic, rC+ Int+3
                  | Dex+4} (You found it in a bailey)
  9710 | Bailey   | Gained mutation: You expend magic power (3 MP) to
                  | strengthen your wands. [potion of mutation]
  9710 | Bailey   | Gained mutation: You are agile. (Dex +2) [potion of
                  | mutation]
  9711 | Bailey   | Lost mutation: You are agile. (Dex +2) [potion of mutation]
  9711 | Bailey   | Gained mutation: You are agile. (Dex +2) [potion of
                  | mutation]
 10130 | D:8      | Noticed a two-headed ogre
 10135 | D:8      | Killed a two-headed ogre
 10774 | D:9      | Reached XP level 11. HP: 87/87 MP: 17/17
 10849 | D:9      | Noticed a two-headed ogre
 10863 | D:9      | Killed a two-headed ogre
 10863 | D:9      | Received a gift from Okawaru
 11549 | D:9      | Found a hazy altar of Hepliaklqana.
 11658 | D:10     | Entered Level 10 of the Dungeon
 11705 | D:10     | Noticed Nergalle
 11748 | D:10     | Killed Nergalle
 12403 | D:11     | Found a staircase to the Lair.
 12465 | D:11     | Found a shattered altar of Ashenzari.
 12489 | D:11     | Received a gift from Okawaru
 12503 | D:11     | Reached skill level 10 in Invocations
 12519 | D:11     | Got a transparent ring mail {god gift}
 12776 | D:11     | Identified the +1 ring mail of Classification {*Contam
                  | rElec Regen+} (Okawaru gifted it to you on level 11 of the
                  | Dungeon)
 12813 | D:11     | Noticed a cyan ugly thing
 12832 | D:11     | Killed a white ugly thing
 13632 | D:11     | Found a staircase to the Orcish Mines.
 13927 | Lair:1   | Entered Level 1 of the Lair of Beasts
 13988 | Lair:1   | Gained mutation: You are completely covered in molten
                  | scales. (AC +4, rF+) [demonic ancestry]
 13988 | Lair:1   | Reached XP level 12. HP: 92/95 MP: 19/19
 14531 | Lair:1   | Identified the Disquisition on Boosting Clay
 14713 | Lair:1   | Reached skill level 10 in Long Blades
 16155 | Lair:2   | Reached ****** piety under Okawaru
 16810 | Lair:3   | Received a gift from Okawaru
 16818 | Lair:3   | Reached skill level 10 in Fighting
 16824 | Lair:3   | Got an ancient great sword {god gift}
 17083 | Lair:3   | Identified the +8 great sword of the Doomed Warrior {flame,
                  | *Corrode rPois MR+++ MP+9} (Okawaru gifted it to you on
                  | level 3 of the Lair of Beasts)
 17389 | Lair:4   | Noticed a six-headed hydra
 17399 | Lair:4   | Killed a three-headed hydra
 17639 | Lair:4   | Gained mutation: You have hooves in place of feet. [demonic
                  | ancestry]
 17639 | Lair:4   | Reached XP level 13. HP: 38/103 MP: 21/21
 17988 | Lair:4   | Noticed Josephine
 17993 | Lair:4   | Killed Josephine
 18378 | Lair:4   | Found a hole to the Spider Nest.
 18476 | Lair:4   | Found a staircase to the Swamp.
 18508 | Lair:4   | Received a gift from Okawaru
 19552 | Lair:5   | Found a runed door.
 19556 | Lair:5   | Noticed Xeddua's ghost (journeyman MiBe)
 19853 | Lair:5   | Reached skill level 10 in Dodging
 19927 | Lair:5   | Found a white marble altar of Elyvilon.
 20341 | Lair:5   | Found a viscous altar of Jiyva.
 20342 | Lair:5   | Found a staircase to the Slime Pits.
 20470 | Lair:6   | Entered Level 6 of the Lair of Beasts
 20735 | Lair:6   | Noticed Sonja
 20738 | Lair:6   | Received a gift from Okawaru
 20745 | Lair:6   | Killed Sonja
 20934 | Lair:6   | Reached XP level 14. HP: 78/113 MP: 23/23
 21918 | Lair:6   | Reached skill level 10 in Armour
 22089 | Lair:6   | Received a gift from Okawaru
 22098 | Lair:6   | Got a brightly glowing long sword {god gift}
 22105 | Lair:6   | Identified the +10 long sword of Okawaru's Hatred {slice,
                  | rN+} (Okawaru gifted it to you on level 6 of the Lair of
                  | Beasts)
 22292 | Lair:6   | Got a warped golden amulet
 22297 | Lair:6   | Identified the amulet "Pasiwan" {Reflect +Inv SH+5} (You
                  | found it on level 6 of the Lair of Beasts)
 22820 | D:12     | Found a frozen archway.
 22862 | IceCv    | Entered an ice cave
 23204 | IceCv    | Received a gift from Okawaru
 23271 | IceCv    | Got a scintillating silver ring
 23323 | IceCv    | Identified the ring of Utudiddo {Fire +Inv rN+ Slay-5} (You
                  | found it in an ice cave)
 24659 | Orc:1    | Entered Level 1 of the Orcish Mines
 24659 | Orc:1    | Found Carayda's Assorted Antiques.
 24668 | Orc:1    | Bought a scroll of magic mapping for 105 gold pieces
 24837 | Orc:1    | Found a runed gate.
 24838 | Orc:1    | Found an opulent altar of Gozag.
 24849 | Orc:1    | Found a runed gate.
 24850 | Orc:1    | Found a runed gate.
 24878 | Orc:1    | Noticed Ijustatesigmund's ghost (journeyman OpGl)
 24909 | Orc:1    | Killed Ijustatesigmund's ghost
 25041 | Orc:1    | Reached XP level 15. HP: 120/120 MP: 25/25
 25244 | Orc:2    | Entered Level 2 of the Orcish Mines
 25279 | Orc:2    | Noticed an orc warlord
 25287 | Orc:2    | Received a gift from Okawaru
 25310 | Orc:2    | Killed an orc warlord
 25619 | Orc:2    | Found a staircase to the Elven Halls.
 25666 | Orc:2    | Found Kiuqikk's Distillery.
 26331 | Orc:2    | Found Lebiff's Antique Weapon Boutique.
 26335 | Orc:2    | Found Erihuacs's Distillery.
 26353 | Orc:2    | Bought a potion of resistance for 150 gold pieces
 26353 | Orc:2    | Found Syhaef's Magic Scroll Shoppe.
 26361 | Orc:2    | Bought a scroll of identify for 22 gold pieces
 26363 | Orc:2    | Bought a potion of heal wounds for 80 gold pieces
 26363 | Orc:2    | Bought a potion of curing for 48 gold pieces
 26363 | Orc:2    | Bought a potion of resistance for 160 gold pieces
 26363 | Orc:2    | Bought a potion of heal wounds for 80 gold pieces
 26363 | Orc:2    | Bought a potion of heal wounds for 80 gold pieces
 26363 | Orc:2    | Bought a potion of curing for 48 gold pieces
 26700 | D:14     | Noticed Frances
 26719 | D:14     | Killed Frances
 26926 | D:14     | Noticed Snorg
 26934 | D:14     | Killed Snorg
 27304 | D:14     | Found a glowing golden altar of the Shining One.
 27621 | D:14     | Found a gate to the Vaults.
 27720 | D:14     | Received a gift from Okawaru
 27723 | D:14     | Got a brightly glowing ring mail {god gift}
 27971 | D:15     | Entered Level 15 of the Dungeon
 28112 | D:15     | Found a staircase to the Depths.
 28154 | D:15     | Found an iron altar of Okawaru.
 28672 | D:15     | Got a vibrating lead ring
 28674 | D:15     | Identified the ring "Giluameo" {rElec MR+ Int+4 Dex-5} (You
                  | took it off an orc warrior on level 15 of the Dungeon)
 29493 | D:15     | Found Meoror's Jewellery Shop.
 29498 | D:15     | Bought the ring of Ala Nekk {AC+3 Slay+2} for 582 gold
                  | pieces
 29864 | Swamp:1  | Entered Level 1 of the Swamp
 29875 | Swamp:1  | Gained mutation: Your demonic aura causes spilled blood to
                  | erupt in flames. [demonic ancestry]
 29875 | Swamp:1  | Reached XP level 16. HP: 107/129 MP: 27/27
 29982 | Swamp:1  | Reached skill level 15 in Invocations
 30459 | Swamp:1  | Received a gift from Okawaru
 30602 | Swamp:1  | Received a gift from Okawaru
 31140 | Swamp:2  | Noticed a thorn hunter
 31159 | Swamp:2  | Killed a thorn hunter
 31274 | Swamp:2  | Reached skill level 15 in Long Blades
 32896 | Swamp:4  | Entered Level 4 of the Swamp
 32900 | Swamp:4  | Received a gift from Okawaru
 33491 | Swamp:3  | Received a gift from Okawaru
 34311 | Swamp:4  | Reached XP level 17. HP: 137/137 MP: 28/28
 35348 | Swamp:4  | Got a decaying rune of Zot
 35888 | Vaults:1 | Entered Level 1 of the Vaults
 35932 | Vaults:1 | Found Gozag's Antique Weapon Emporium.
 35995 | Vaults:1 | Found an opulent altar of Gozag.
 35995 | Vaults:1 | Found Gozag's Assorted Antiques.
 36011 | Vaults:1 | Received a gift from Okawaru
 36017 | Vaults:1 | Got a steaming hat {god gift}
 36312 | Vaults:1 | Identified the +2 hat of Watchfulness {rN+ Int+3} (Okawaru
                  | gifted it to you on level 1 of the Vaults)
 36322 | Vaults:1 | Found Gozag's Antique Armour Shoppe.
 36326 | Vaults:1 | Bought a scroll of immolation for 350 gold pieces
 36334 | Vaults:1 | Bought a translucent hat for 900 gold pieces
 36445 | Vaults:1 | Identified the +1 hat of Baldness {+Fly rF+} (You bought it
                  | in a shop on level 1 of the Vaults)
 38067 | Vaults:1 | Received a gift from Okawaru
 38426 | Vaults:2 | Gained mutation: You sometimes gain a little power by
                  | taking damage. [demonic ancestry]
 38426 | Vaults:2 | Reached XP level 18. HP: 126/146 MP: 30/30
 39117 | Vaults:2 | Noticed Nikola
 39137 | Vaults:2 | Killed Nikola
 39412 | Vaults:2 | Noticed Xtahua
 39422 | Vaults:2 | Killed Xtahua
 39430 | Vaults:2 | Received a gift from Okawaru
 40041 | Vaults:2 | Found a staircase to the Crypt.
 40093 | Vaults:2 | Found a portal to a secret trove of treasure.
 40157 | Vaults:2 | You paid a toll of +2 fire dragon scales to enter a
                  | treasure trove
 40158 | Trove    | Entered a treasure trove
 40171 | Trove    | Got a shimmering platinum amulet
 40185 | Trove    | Got a faintly glowing cloak
 40212 | Trove    | Identified the +0 cloak "Otsuedas" {+Blink rF+} (You found
                  | it in a treasure trove)
 40224 | Trove    | Identified the amulet "Zuatho" {Gourm *Drain rN+ Slay+2
                  | SInv} (You found it in a treasure trove)
 40579 | Vaults:2 | Reached skill level 1 in Shields
 40788 | Vaults:2 | Noticed Asterion
 40814 | Vaults:2 | Killed Asterion
 41110 | Vaults:3 | Found Oheahol's Assorted Antiques.
 41119 | Vaults:3 | Bought a scroll of magic mapping for 143 gold pieces
 41119 | Vaults:3 | Bought a pair of crude gloves for 389 gold pieces
 41119 | Vaults:3 | Bought 2 potions of haste for 820 gold pieces
 41126 | Vaults:3 | Identified the +1 pair of gloves of Perfidy {rF+ rCorr
                  | MP+9} (You bought it in a shop on level 3 of the Vaults)
 41337 | Vaults:3 | Received a gift from Okawaru
 41341 | Vaults:3 | Got a transparent crystal plate armour {god gift}
 41357 | Vaults:3 | Identified the +1 crystal plate armour "Duxzauq" {Str+4
                  | Dex+3} (Okawaru gifted it to you on level 3 of the Vaults)
 41425 | Vaults:3 | Found a large runed door.
 41427 | Vaults:3 | Found a large runed door.
 41427 | Vaults:3 | Noticed Pyagrit's ghost (adept OgMo)
 41524 | Vaults:3 | Reached skill level 15 in Fighting
 41929 | Vaults:3 | Reached XP level 19. HP: 155/155 MP: 31/31
 42873 | Vaults:4 | Reached skill level 5 in Shields
 43036 | Vaults:4 | Received a gift from Okawaru
 44594 | Spider:1 | Entered Level 1 of the Spider Nest
 45859 | Spider:2 | Noticed Agnes
 45867 | Spider:2 | Killed Agnes
 45883 | Spider:2 | Received a gift from Okawaru
 45887 | Spider:2 | Got a translucent buckler {god gift}
 46063 | Spider:1 | Identified the +0 buckler of Trumpets {MR+} (Okawaru gifted
                  | it to you on level 2 of the Spider Nest)
 46488 | Spider:2 | Found the +3 robe of Clouds {+Fly rElec}
 47029 | Spider:2 | Gained mutation: You sometimes gain power by taking damage.
                  | [demonic ancestry]
 47029 | Spider:2 | Reached XP level 20. HP: 164/164 MP: 32/32
 47556 | Spider:3 | Noticed Arachne
 47574 | Spider:3 | Killed Arachne
 47829 | Spider:4 | Entered Level 4 of the Spider Nest
 48969 | Spider:4 | Got a gossamer rune of Zot
 49511 | Elf:1    | Entered Level 1 of the Elven Halls
 49596 | Elf:1    | Identified the Compendium of the Cankerous Voyage
 49771 | Elf:1    | Received a gift from Okawaru
 49794 | Elf:1    | Got a transparent chain mail {god gift}
 49795 | Elf:1    | Identified the +5 chain mail "Ulommuz" {rPois rF- rC++
                  | Str+3} (Okawaru gifted it to you on level 1 of the Elven
                  | Halls)
 49894 | Elf:1    | Identified the Tome of the Escort
 50197 | Elf:1    | Found a sparkling altar of Nemelex Xobeh.
 50785 | Elf:2    | Found a runed gate.
 50785 | Elf:2    | Found a runed gate.
 50840 | Elf:2    | Found Byporaosm's Magic Scroll Shop.
 50844 | Elf:2    | Bought a scroll of teleportation for 54 gold pieces
 50844 | Elf:2    | Bought a scroll of magic mapping for 63 gold pieces
 50973 | Elf:2    | Found a runed gate.
 51147 | Elf:3    | Entered Level 3 of the Elven Halls
 51590 | Elf:3    | Found a deep blue altar of Sif Muna.
 51856 | Elf:3    | Reached XP level 21. HP: 137/173 MP: 34/34
 52138 | Elf:3    | Received a gift from Okawaru
 52586 | Elf:3    | Got a wavering platinum ring
 52600 | Elf:3    | Received a gift from Okawaru
 52601 | Elf:3    | Got a bloodstained buckler {god gift}
 52880 | Elf:3    | Identified the +1 buckler of Veuvep {rF+ MR- Str+3}
                  | (Okawaru gifted it to you on level 3 of the Elven Halls)
 52881 | Elf:3    | Identified the ring "Tuest" {Str+6 Stlth+} (You took it off
                  | a deep elf high priest on level 3 of the Elven Halls)
 52903 | Elf:3    | Got a transparent jade ring
 53340 | Elf:3    | Identified Lyruu's Catalogue of the Spheres
 53378 | Elf:3    | Identified the ring of Daggo {Wiz +Inv Dex+5} (You took it
                  | off a deep elf blademaster on level 3 of the Elven Halls)
 53385 | Elf:3    | Got a crystal fustibalus
 53386 | Elf:3    | Identified the +5 fustibalus "Voufoso" {venom, rElec rN+
                  | Str-2 Dex+7} (You found it on level 3 of the Elven Halls)
 53387 | Elf:3    | epen: ??fustibalus
 53387 | Elf:3    | beem: fustibalus[1/3]: 10/12 base damage (with stones/sling
                  | bullets respectively), 1.4 base delay, 0.7 mindelay.
                  | One-handed. Called a greatsling in 0.18 and earlier.
 53747 | Depths:1 | Entered Level 1 of the Depths
 54098 | Depths:1 | Found a gateway to Hell.
 54104 | Depths:1 | Reached skill level 1 in Short Blades
 54314 | Depths:1 | Reached skill level 15 in Dodging
 55227 | Depths:1 | Found a shimmering altar of Xom.
 55229 | Depths:1 | Found a basalt altar of Yredelemnul.
 55229 | Depths:1 | Found a hazy altar of Hepliaklqana.
 55231 | Depths:1 | Found a hide-covered altar of Uskayaw.
 55231 | Depths:1 | Found a basalt altar of Yredelemnul.
 55231 | Depths:1 | Found a shadowy altar of Dithmenos.
 56054 | Depths:2 | Found a one-way gate to the infinite horrors of the Abyss.
 56160 | Depths:2 | Found a runed door.
 56161 | Depths:2 | Noticed Jareitt's ghost (journeyman SpBe)
 56540 | Depths:2 | Noticed the Enchantress
 56550 | Depths:2 | Killed the Enchantress
 56789 | Depths:2 | Received a gift from Okawaru
 57310 | Depths:2 | Killed Jareitt's ghost
 57554 | Depths:2 | Gained mutation: You resist negative energy. (rN+) [demonic
                  | ancestry]
 57554 | Depths:2 | Reached XP level 22. HP: 151/183 MP: 35/35
 57601 | Depths:2 | Identified the ring of Cuesch {+Blink rN+ Stlth-} (You
                  | found it on level 2 of the Depths)
 57701 | Depths:3 | Reached skill level 15 in Armour
 57750 | Depths:3 | Found a corrupted altar of Lugonu.
 57955 | Depths:3 | Reached skill level 5 in Short Blades
 58051 | Depths:3 | Got a bloodstained plate armour
 58062 | Depths:3 | Identified the +0 plate armour of the Hidden Vale {*Drain
                  | rElec rC+ Dex+4} (You found it on level 3 of the Depths)
 58146 | Depths:3 | Found a one-way gate leading to the halls of Pandemonium.
 58556 | Depths:3 | Received a gift from Okawaru
 58558 | Depths:3 | Noticed a caustic shrike
 58573 | Depths:3 | Killed a caustic shrike
 59396 | Depths:4 | Received a gift from Okawaru
 59604 | Depths:4 | Found an ancient bone altar of Kikubaaqudgha.
 59724 | Depths:4 | Noticed a golden dragon
 59743 | Depths:4 | Killed a golden dragon
 59977 | Orc:1    | Bought a scroll of enchant armour for 225 gold pieces
 59977 | Orc:1    | Bought a potion of agility for 120 gold pieces
 60007 | Orc:1    | epen: ??gda
 60007 | Orc:1    | beem: gold dragon scales[1/4]: 12AC, 23ER, rF+ rC+ rPois.
                  | Sometimes dropped by a {golden dragon} when it dies.
 60007 | Orc:1    | epen: ??gda [2
 60007 | Orc:1    | beem: gold dragon scales[2/4]: The chance of any particular
                  | randomly generated armour on D:1 being GDS is about
                  | 0.00873%.
 60007 | Orc:1    | epen: ??gda [3
 60007 | Orc:1    | beem: gold dragon scales[3/4]: stands for goddamn awful
                  | now
 60007 | Orc:1    | epen: ??gda [3
 60007 | Orc:1    | beem: gold dragon scales[3/4]: stands for goddamn awful
                  | now
 60007 | Orc:1    | epen: ??gda [4
 60007 | Orc:1    | beem: gold dragon scales[4/4]:
                  | http://dobrazupa.org/morgue/darkli/morgue-darkli-20130616-2
                  | 13054.txt
 60748 | Depths:4 | Received a gift from Okawaru
 60804 | Depths:4 | Reached XP level 23. HP: 176/192 MP: 37/37
 61201 | Depths:4 | Found a glowing silver altar of Zin.
 61551 | Depths:4 | Found an opulent altar of Gozag.
 62234 | Depths:4 | Found a snail-covered altar of Cheibriados.
 62445 | Depths:5 | Entered Level 5 of the Depths
 62618 | Depths:5 | Found Ysiuk's Jewellery Shoppe.
 62707 | Depths:5 | Noticed a juggernaut
 62713 | Depths:5 | Found Redoist's Antique Weapon Emporium.
 62716 | Depths:5 | Found a gateway to a ziggurat.
 63055 | Depths:5 | Noticed Saint Roka
 63065 | Depths:5 | Killed Saint Roka
 63092 | Depths:5 | Killed a juggernaut
 63463 | Depths:5 | Bought the ring "Keph" {*Slow Str+3 Dex+2 Slay+5} for 930
                  | gold pieces
 63554 | Depths:5 | Received a gift from Okawaru
 63621 | Depths:5 | Found Jinenise's Gadget Shoppe.
 64400 | Depths:5 | Got a smoking helmet
 64401 | Depths:5 | Identified the +0 helmet of Hangman {rPois rN+ MR+ SInv}
                  | (You acquired it on level 5 of the Depths)
 64442 | Depths:5 | Found a gate to the Realm of Zot.
 64931 | Depths:5 | Found Firel's Gadget Emporium.
 65281 | Slime:1  | Entered Level 1 of the Pits of Slime
 65534 | Slime:1  | Gained mutation: You are powered by pain. [demonic
                  | ancestry]
 65534 | Slime:1  | Reached XP level 24. HP: 74/203 MP: 37/37
 66649 | Slime:3  | Received a gift from Okawaru
 66703 | Slime:5  | Entered Level 5 of the Pits of Slime
 66900 | Slime:4  | Gained mutation: You tend to lose your temper in combat. [a
                  | shining eye]
 67366 | Slime:5  | Found a viscous altar of Jiyva.
 67367 | Slime:5  | Found the macabre finger necklace {rN+}
 67373 | Slime:5  | Noticed the Royal Jelly
 67383 | Slime:5  | Killed the Royal Jelly
 67383 | Slime:5  | Received a gift from Okawaru
 67446 | Slime:5  | Lost mutation: You are agile. (Dex +2) [potion of mutation]
 67446 | Slime:5  | Lost mutation: You tend to lose your temper in combat.
                  | [potion of mutation]
 67446 | Slime:5  | Gained mutation: You possess an exceptional clarity of
                  | mind. [potion of mutation]
 67446 | Slime:5  | Gained mutation: You have supernaturally acute eyesight.
                  | (SInv) [potion of mutation]
 67446 | Slime:5  | Gained mutation: You are agile. (Dex +2) [potion of
                  | mutation]
 67794 | Slime:5  | Got a slimy rune of Zot
 68243 | Slime:5  | epen: ??macabre
 68243 | Slime:5  | beem: macabre finger necklace[1/1]: A unrand amulet that
                  | gives rN+ and an extra ring slot. Also gave {warding} in
                  | 0.17 and earlier.
 68306 | Slime:5  | Gained mutation: You passively map a small area around you.
                  | [a shining eye]
 68310 | Slime:5  | Gained mutation: You do not regenerate when monsters are
                  | visible. [a shining eye]
 68315 | Slime:5  | Gained mutation: You are frail. (-10% HP) [a shining eye]
 68318 | Slime:5  | Lost mutation: You possess an exceptional clarity of mind.
                  | [a shining eye]
 68327 | Slime:5  | Lost mutation: You expend magic power (3 MP) to strengthen
                  | your wands. [potion of mutation]
 68327 | Slime:5  | Lost mutation: You are agile. (Dex +2) [potion of mutation]
 68327 | Slime:5  | Lost mutation: You are frail. (-10% HP) [potion of
                  | mutation]
 68327 | Slime:5  | Gained mutation: Your muscles are strong. (Str +2) [potion
                  | of mutation]
 68328 | Slime:5  | Lost mutation: You passively map a small area around you.
                  | [potion of mutation]
 68328 | Slime:5  | Lost mutation: You do not regenerate when monsters are
                  | visible. [potion of mutation]
 68328 | Slime:5  | Gained mutation: You are dopey. (Int -2) [potion of
                  | mutation]
 68328 | Slime:5  | Lost mutation: You have supernaturally acute eyesight.
                  | (SInv) [potion of mutation]
 68328 | Slime:5  | Gained mutation: You passively map a small area around you.
                  | [potion of mutation]
 68329 | Slime:5  | Lost mutation: Your muscles are strong. (Str +2) [potion of
                  | mutation]
 68329 | Slime:5  | Lost mutation: You passively map a small area around you.
                  | [potion of mutation]
 68329 | Slime:5  | Gained mutation: You are agile. (Dex +2) [potion of
                  | mutation]
 68329 | Slime:5  | Gained mutation: You are resistant to hostile enchantments.
                  | (MR+) [potion of mutation]
 68330 | Slime:5  | Lost mutation: You are dopey. (Int -2) [potion of mutation]
 68330 | Slime:5  | Lost mutation: You are agile. (Dex +2) [potion of mutation]
 68330 | Slime:5  | Gained mutation: You expend magic power (3 MP) to
                  | strengthen your wands. [potion of mutation]
 68330 | Slime:5  | Gained mutation: Your flesh is very heat resistant. (rF++)
                  | [potion of mutation]
 68639 | Zot:1    | Entered Level 1 of the Realm of Zot
 69188 | Zot:4    | Received a gift from Okawaru
 69223 | Zot:5    | Entered Level 5 of the Realm of Zot
 70104 | Zot:5    | Cast into level 3 of the Abyss (black draconian scorcher)
 70117 | Abyss:3  | Reached XP level 25. HP: 167/212 MP: 37/37
 70314 | Abyss:3  | Found a corrupted altar of Lugonu.
 70326 | Abyss:3  | Found an ancient bone altar of Kikubaaqudgha.
 70436 | Zot:5    | Escaped the Abyss
 71331 | Zot:4    | Received a gift from Okawaru
 71786 | Zot:5    | Noticed an ancient lich
 71803 | Zot:5    | Killed an ancient lich
 72060 | Zot:5    | Received a gift from Okawaru
 72895 | Zot:5    | Noticed an ancient lich
 72902 | Zot:5    | Killed an ancient lich
 73000 | Zot:5    | Noticed an orb of fire
 73001 | Zot:5    | Noticed an orb of fire
 73108 | Zot:5    | Noticed an ancient lich
 73630 | Zot:5    | Killed an ancient lich
 73630 | Zot:5    | Gained mutation: You are somewhat able to resist unholy
                  | torments (1 in 2 success). [demonic ancestry]
 73630 | Zot:5    | Reached XP level 26. HP: 215/224 MP: 38/38
 73700 | Zot:5    | Noticed an ancient lich
 73724 | Zot:5    | Killed an orb of fire
 74065 | Zot:5    | Killed an ancient lich
 74065 | Zot:5    | Received a gift from Okawaru
 74288 | Zot:5    | Gained mutation: You tend to lose your temper in combat.
                  | [an orb of fire]
 74301 | Zot:5    | Killed an orb of fire
 74413 | Zot:5    | Lost mutation: You expend magic power (3 MP) to strengthen
                  | your wands. [potion of mutation]
 74413 | Zot:5    | Lost mutation: Your flesh is very heat resistant. (rF++)
                  | [potion of mutation]
 74413 | Zot:5    | Lost mutation: You tend to lose your temper in combat.
                  | [potion of mutation]
 74413 | Zot:5    | Gained mutation: You are highly resistant to hostile
                  | enchantments. (MR++) [potion of mutation]
 74413 | Zot:5    | Gained mutation: You are dopey. (Int -2) [potion of
                  | mutation]
 74413 | Zot:5    | Gained mutation: You are robust. (+10% HP) [potion of
                  | mutation]
 74413 | Zot:5    | Gained mutation: You are extremely resistant to the effects
                  | of hostile enchantments. (MR+++) [potion of mutation]
 74472 | Zot:5    | Noticed an orb of fire
 74474 | Zot:5    | Gained mutation: Your magical capacity is low. (-10% MP)
                  | [an orb of fire]
 74487 | Zot:5    | Killed an orb of fire
 75240 | Zot:5    | Received a gift from Okawaru
 75721 | Zot:5    | Got the Orb of Zot
 75823 | Zot:2    | Noticed Joffism the pandemonium lord
 76275 | D:$      | Escaped with the Orb!

Vault maps used:
D:1:      dpeg_arrival_arbitrary_c
D:2:      serial_co_window_serial, co_window_paths_a, co_window_paths_a,
          co_window_paths_a, co_window_paths_a, co_window_corner_a,
          co_window_broadway_b, co_window_of_opportunity_c,
          co_window_unsneaky_path_d, co_window_4corner_a, co_window_paths_d,
          glass_columns_c, glass_columns_c, glass_columns_b, glass_columns_b,
          uniq_terence
D:3:      gammafunk_wand_slinger
D:4:      first_ration
D:5:      temple_hall, st_stairs_7, okawaru_ov_weapons_minmay
D:6:      uniq_sigmund
D:7:      kennysheep_housing_project, st_stairs_1
D:8:      kennysheep_spiral_hall, enter_bailey_8, basic_altar
D:9:      kennysheep_mini
D:10:     the_bakery, uniq_nergalle
D:11:     lair_entry_dummy, erik_orc_2, evilmike_ruin_ashenzari
D:12:     portal_ice_cave_entry_imps
D:14:     hangedman_vaults_entry_quadrant_bands, nicolae_tso_swordbearing_angel,
          uniq_frances, uniq_snorg
D:15:     gammafunk_depths_entry_grave, serial_shops, shop,
          kennysheep_flooded_box, kennysheep_inner_square
Lair:1:   wad_woods_01
Lair:2:   st_stairs_6, beast_lair_carwin_10, lemuel_fruit_fields
Lair:3:   infiniplex_staircase_pool
Lair:4:   swamp_mist, spider_nest_entry_web_field, uniq_josephine
Lair:5:   dpeg_slime_entry_enclosed_altar, gammafunk_ghost_grave,
          lemuel_altar_in_water2, lemuel_fruit_fields
Lair:6:   evilmike_catoblepas_cave, minmay_lair_oklob_chamber,
          grunt_megastairs_3, uniq_sonja
Swamp:1:  hangedman_swamp_ruin_hall, swamp_pool1, nicolae_swamp_snake_nest
Swamp:2:  wheals_swamp_sinkhole
Swamp:3:  hangedman_swamp_lotus
Swamp:4:  swamp_vile
Spider:2: uniq_agnes
Spider:3: uniq_arachne
Spider:4: spider_rune_water
Slime:2:  cheibrodos_slime_lost_civilization_6
Orc:1:    ebering_ghost_gozag, serial_shops, nicolae_shop_overgrown_old_shop
Orc:2:    st_orc_elflike
Elf:1:    elf_arrival_001, minmay_elf_demonology, spider_trap,
          columned_hall_lemuel, nemelex_altar_shiori
Elf:2:    serial_shops, nicolae_shop_behind_doors
Elf:3:    minmay_elf_hall_x, lemuel_blue_sif_altar
Vaults:1: kennysheep_vaults_gozag_temple, vaults_room_boxed,
          hangedman_vaults_slice, hangedman_vaults_locks,
          nicolae_vaults_border_crossing, nicolae_vaults_gold_heap
Vaults:2: minmay_crypt_entry_skeletal_spiral, v_pattern_2,
          nicolae_vaults_little_squares_1, hangedman_vaults_trim, v_misc_3,
          ontoclasm_vaults_twist, v_misc_25, ontoclasm_vaults_tryst, v_misc_31,
          vaults_room_pools, vaults_dpeg_diagonal, enter_trove_2, uniq_nikola,
          uniq_asterion, uniq_xtahua
Vaults:3: advil_vaults_ghost_guards, v_misc_1, nicolae_vaults_halls_meeting,
          nicolae_vaults_bisected_inception, v_misc_33,
          nicolae_vaults_little_squares_3, v_misc_9, grunt_vaults_trifunnel,
          vaults_room_fours, v_misc_8, v_misc_12, grunt_vaults_diagonal,
          ontoclasm_vaults_decontamination, nicolae_vaults_asterisk,
          serial_shops, nicolae_shop_stone
Vaults:4: vaults_room_corners, nicolae_vaults_yaktaur_gun_rack,
          dpeg_vaults_monster_row, v_misc_16, serial_ice_m,
          hangedman_vaults_maws, nicolae_vaults_display_case,
          vaults_room_ringed_pool, v_misc_13, hangedman_vaults_maws,
          vaults_room_fours
Depths:1: grunt_decor_mini_mirrors, serial_glass, glass_columns_b,
          glass_columns_a, glass_columns_a, glass_columns_a, glass_columns_a,
          glass_columns_c, glass_columns_a, glass_columns_a,
          grunt_mini_vestibule, doesnt_xom_only_xom
Depths:2: kennysheep_blocky_room, hangedman_abyss_entry_splay,
          pf_hell_entry_great_geh, muffindrake_ghost_dead_mans_drink,
          kennysheep_cluttered_room, firewood_loft, uniq_enchantress
Depths:3: minmay_two_paths, abyss_entry_flame_altar, grunt_pan_entry_spiral,
          dk_noncrumbling_4, hell_entry, kennysheep_generic_room_5
Depths:4: grunt_profane_halls, abyss_entry, hell_entry, pan_entry
Depths:5: grunt_zot_entry_gee_three, enter_ziggurat_c, minmay_misc_feat_roman,
          serial_shops, bzr_entry_water, shop,
          nicolae_shop_temple_entry_statues_fountains, nicolae_shop_crystal,
          shop, hell_entry, serial_sigils_hangedman_quiver, serial_bayou_pond_a,
          uniq_saint_roka
Zot:1:    minmay_elemental_castle, grunt_ministairs_7
Zot:2:    stair_cage_line, lemuel_baited_zot_trap
Zot:3:    nicolae_transmutations_shop
Abyss:3:  bh_abyss_exit_grid, hangedman_abyss_or_decor_slice,
          hangedman_abyss_shoalhut
Trove:    trove_simple
Bailey:   bailey_axe_of_yendor_kennysheep, bailey
IceCv:    ice_cave_small_dragons

Skill      XL: |  1  2  3  4  5  6  7  8  9 10 11 12 13 14 15 16 17 18 19 20 21 22 23 24 25 26 |
---------------+-------------------------------------------------------------------------------+-----
Long Blades    | 3 4 5 6 7 9 11 12 13 14 15 16 17 18 19 20 21 22 | 22.9
Armour         | 1 2 3 4 6 7 8 9 10 11 12 13 14 15 16 17 18 | 18.9
Dodging        | 3 4 5 6 7 8 9 10 11 12 13 14 15 16 17 | 17.8
Fighting       | 4 5 6 7 8 9 10 11 12 13 14 15 16 17 18 19 20 21 22 | 22.4
Invocations    | 6 8 10 11 12 13 14 15 16 17 18 19 20 21 22 | 22.8
Shields        | 3 6 7 |  7.4
Short Blades   | 4 7 |  7.9
Stealth        | |  1.7

Action                   |  1- 3 |  4- 6 |  7- 9 | 10-12 | 13-15 | 16-18 | 19-21 | 22-24 | 25-27 || total
-------------------------+-------+-------+-------+-------+-------+-------+-------+-------+-------++-------
Melee: Falchion          |    43 |       |       |       |       |       |       |       |       ||    43
       Short sword       |    60 |   142 |   409 |   896 |       |       |       |       |       ||  1507
       Kick              |       |       |   117 |    62 |   428 |   446 |   565 |   770 |   235 ||  2623
       Punch             |       |       |     3 |     8 |       |       |       |       |       ||    11
       Great sword       |       |       |       |    37 |  1009 |  1012 |  1225 |  1260 |       ||  4543
       Triple sword      |       |       |       |       |       |       |       |   107 |   550 ||   657
Invok: Heroism           |       |       |     5 |    10 |     5 |     4 |    10 |    21 |     4 ||    59
       Finesse           |       |       |       |     7 |     2 |     4 |     9 |    10 |     7 ||    39
 Abil: Evoke Flight      |       |       |       |       |       |     1 |       |       |       ||     1
Evoke: Wand              |       |       |     2 |    11 |     1 |       |     5 |     3 |     3 ||    25
  Use: Scroll            |     3 |     3 |    13 |     9 |    11 |    11 |    10 |    30 |    10 ||   100
       Potion            |       |     2 |     6 |     2 |     7 |     4 |       |    12 |     8 ||    41
 Stab: Sleeping          |     5 |     3 |       |     2 |       |       |       |       |       ||    10
       Distracted        |       |       |       |       |       |       |     1 |     1 |     2 ||     4
       Invisible         |       |       |       |       |       |       |       |     2 |       ||     2
  Eat: Ration            |     1 |       |       |       |     3 |     7 |     2 |     4 |     7 ||    24
       Chunk             |       |     7 |    14 |    29 |    31 |    31 |    42 |    24 |       ||   178
Armor: Robe              |    18 |    11 |       |       |       |       |       |       |       ||    29
       Ring mail         |       |    46 |    99 |       |       |       |       |       |       ||   145
       Scale mail        |       |       |    50 |   263 |   353 |   351 |   364 |    24 |       ||  1405
       Plate armour      |       |       |       |       |       |       |       |   109 |       ||   109
       Gold dragon scale |       |       |       |       |       |       |       |   589 |   393 ||   982
Dodge: Dodged            |    65 |    91 |   271 |   515 |   880 |   837 |  1064 |   980 |   397 ||  5100
       Deflected         |       |       |       |     6 |    39 |    22 |    62 |       |       ||   129
Block: Other             |       |       |       |       |   156 |   182 |       |       |       ||   338
       Reflection        |       |       |       |       |    17 |     6 |       |       |       ||    23
       Rpst.: Falchion   |    12 |       |       |       |       |       |       |       |       ||    12
       Great sword       |       |       |       |    13 |   240 |   168 |   251 |   174 |       ||   846
       Triple sword      |       |       |       |       |       |       |       |    17 |    74 ||    91

Table legend:
 A = Non-vault XP
 B = Vault XP
 C = Vault XP percentage of total XP
 D = Non-vault monster count
 E = Vault monster count
 F = Vault count percentage of total count
                 A         B        C        D         E       F
            +---------+---------+-------+---------+---------+-------
      Total |  761239 |  684533 |  47.3 |    1527 |     818 |  34.9
            +---------+---------+-------+---------+---------+-------
        D:1 |      32 |       0 |   0.0 |      19 |       0 |   0.0
        D:2 |      38 |      36 |  48.6 |      10 |       1 |   9.1
        D:3 |      85 |       0 |   0.0 |      14 |       0 |   0.0
        D:4 |     328 |       0 |   0.0 |      13 |       0 |   0.0
        D:5 |     243 |      45 |  15.6 |      10 |       1 |   9.1
        D:6 |    1323 |       0 |   0.0 |      32 |       0 |   0.0
        D:7 |     992 |     901 |  47.6 |      17 |      32 |  65.3
        D:8 |    2010 |     140 |   6.5 |      19 |       4 |  17.4
        D:9 |    3041 |       0 |   0.0 |      24 |       0 |   0.0
       D:10 |    3267 |    1010 |  23.6 |      27 |       2 |   6.9
       D:11 |    3009 |     787 |  20.7 |      15 |      21 |  58.3
       D:12 |    7638 |     125 |   1.6 |      44 |      12 |  21.4
       D:13 |    7872 |       0 |   0.0 |      30 |       0 |   0.0
       D:14 |    9124 |    9377 |  50.7 |      28 |      20 |  41.7
       D:15 |   10190 |    7448 |  42.2 |      32 |      12 |  27.3
     Lair:1 |    4579 |    1071 |  19.0 |      22 |       5 |  18.5
     Lair:2 |    2181 |    1853 |  45.9 |      11 |      11 |  50.0
     Lair:3 |    4356 |       0 |   0.0 |      18 |       0 |   0.0
     Lair:4 |    8159 |    4538 |  35.7 |      19 |      31 |  62.0
     Lair:5 |   12926 |       0 |   0.0 |      43 |       0 |   0.0
     Lair:6 |    5464 |   16048 |  74.6 |      16 |      39 |  70.9
    Swamp:1 |   14131 |    3444 |  19.6 |      31 |      13 |  29.5
    Swamp:2 |   12306 |       0 |   0.0 |      29 |       0 |   0.0
    Swamp:3 |   14170 |     999 |   6.6 |      33 |       1 |   2.9
    Swamp:4 |   16814 |   19874 |  54.2 |      47 |      31 |  39.7
   Spider:1 |   18068 |       0 |   0.0 |      57 |       0 |   0.0
   Spider:2 |   14899 |    2007 |  11.9 |      42 |       1 |   2.3
   Spider:3 |   11592 |    3931 |  25.3 |      36 |       1 |   2.7
   Spider:4 |   11451 |   23157 |  66.9 |      32 |      45 |  58.4
    Slime:1 |    8055 |       0 |   0.0 |      15 |       0 |   0.0
    Slime:2 |   18046 |       0 |   0.0 |      25 |       0 |   0.0
    Slime:3 |   10702 |       0 |   0.0 |      26 |       0 |   0.0
    Slime:4 |   11458 |    5456 |  32.3 |      24 |       3 |  11.1
    Slime:5 |   25700 |   29545 |  53.5 |      46 |       9 |  16.4
      Orc:1 |    2453 |    1612 |  39.7 |      19 |       4 |  17.4
      Orc:2 |    4844 |    8180 |  62.8 |      39 |      24 |  38.1
      Elf:1 |   20330 |    6941 |  25.5 |      36 |      11 |  23.4
      Elf:2 |   18025 |    3652 |  16.8 |      26 |       4 |  13.3
      Elf:3 |    7571 |   45882 |  85.8 |       9 |      32 |  78.0
   Vaults:1 |   20869 |   28452 |  57.7 |      43 |      38 |  46.9
   Vaults:2 |   37683 |   34028 |  47.5 |      51 |      37 |  42.0
   Vaults:3 |   11593 |   19573 |  62.8 |      23 |      26 |  53.1
   Vaults:4 |   36025 |   20783 |  36.6 |      72 |      32 |  30.8
   Depths:1 |   20913 |    2540 |  10.8 |      28 |       5 |  15.2
   Depths:2 |   20660 |   34907 |  62.8 |      25 |      30 |  54.5
   Depths:3 |   41900 |   31445 |  42.9 |      73 |      30 |  29.1
   Depths:4 |    7246 |   98687 |  93.2 |       7 |     119 |  94.4
   Depths:5 |   55620 |   34628 |  38.4 |      44 |      26 |  37.1
      Zot:1 |    1298 |    3185 |  71.0 |       1 |       2 |  66.7
      Zot:2 |   14401 |       0 |   0.0 |       8 |       0 |   0.0
      Zot:3 |    3809 |       0 |   0.0 |       1 |       0 |   0.0
      Zot:4 |   50264 |       0 |   0.0 |      27 |       0 |   0.0
      Zot:5 |   90208 |  169064 |  65.2 |      55 |      42 |  43.3
    Abyss:3 |   21278 |       0 |   0.0 |      34 |       0 |   0.0
     Bailey |       0 |    3902 | 100.0 |       0 |      41 | 100.0
      IceCv |       0 |    5280 | 100.0 |       0 |      20 | 100.0
            +---------+---------+-------+---------+---------+-------
